 Dungeon Crawl Stone Soup version 0.30.1-11-g7821555f0a (webtiles) character file.

Game seed: 2940958266740094037

2064 lonewolfV2 the Cleaver (level 9, 0/68 (69) HPs)
             Began as a Formicid Fighter on Dec 6, 2023.
             Was an Initiate of Qazlal.
             Slain by a kobold brigand
             ... wielding a +0 short sword
              (2 damage)
             ... on level 7 of the Dungeon.
             The game lasted 00:09:20 (5321 turns).

lonewolfV2 the Cleaver (Formicid Fighter)           Turns: 5321, Time: 00:09:21

HP:   0/68 (69)     AC: 13    Str: 23    XL:     9   Next: 50%
MP:   9/9           EV:  8    Int:  8    God:    Qazlal [......]
Gold: 280           SH:  7    Dex: 15    Spells: 8/8 levels left

rFire   . . .        k - +0 battleaxe (venom)
rCold   . . .        c - +1 buckler
rNeg    . . .        m - +0 chain mail
rPois   .            (helmet unavailable)
rElec   .            (no cloak)
rCorr   .            v - +1 pair of gloves
SInv    +            t - +0 pair of boots
Will    .....        b - amulet of regeneration Stlth
                     (no ring)
HPRegen 1.11/turn    (no ring)
MPRegen 0.11/turn

%: no passive effects
@: lightly drained
A: permanent stasis, dig shafts and tunnels, antennae 3, four strong arms
a: Dig, Shaft Self, Renounce Religion


You were on level 7 of the Dungeon.
You worshipped Qazlal.
Qazlal was noncommittal.
You visited 2 branches of the dungeon, and saw 8 of its levels.

You collected 472 gold pieces.
You spent 192 gold pieces at shops.

Inventory:

Hand Weapons
 a - a +1 war axe
 k - a +0 battleaxe of venom (weapon)
Armour
 c - a +1 buckler (worn)
 m - a +0 chain mail (worn)
 t - a +0 pair of boots (worn)
 v - a +1 pair of gloves (worn)
Jewellery
 b - an amulet of regeneration (around neck)
 g - an amulet of faith
 l - a ring of willpower
Wands
 y - a wand of flame (14)
Scrolls
 n - a scroll of enchant armour
 o - a scroll of magic mapping {unknown}
 x - a scroll of fog
Potions
 d - 2 potions of might
 e - 4 potions of attraction
 f - a potion of mutation
 h - a potion of brilliance {unknown}
 j - a potion of invisibility
 r - a potion of cancellation
 w - a potion of degeneration {unknown}
 z - a potion of lignification {unknown}


   Skills:
 - Level 6.0 Fighting
 * Level 9.4 Axes
 - Level 6.0 Armour
 - Level 6.3 Shields


You had 8 spell levels left.
You didn't know any spells.
Your spell library contained the following spells:

 Spells                   Type           Power      Damage    Failure   Level
 Slow                     Hex            0%         N/A       95%         1
 Cigotuvi's Dreadful Rot  Necr/Pois/Air  0%         N/A       99%         2
 Confusing Touch          Hex            0%         N/A       100%        3
 Ignite Poison            Fire/Tmut/Pois 0%         N/A       100%        3
 Vampiric Draining        Necr           0%         2d6       100%        3
 Sticky Flame             Conj/Fire      0%         2d3       100%        4
 Freezing Cloud           Conj/Ice/Air   0%         6-21      100%        5
 Ignition                 Fire           0%         3d3       100%        8


Dungeon Overview and Level Annotations

Branches:
Dungeon (7/15)             Temple (1/1) D:5

Altars:
Ashenzari
Cheibriados
Elyvilon
Fedhas
Hepliaklqana
Kikubaaqudgha
Makhleb
Nemelex Xobeh
Okawaru
Qazlal
Ru
Sif Muna
Trog
Uskayaw
Vehumet
Wu Jian
Xom
Yredelemnul
Zin
The Shining One

Shops:
D:1 :==:   D:4 (   D:5 *


Innate Abilities, Weirdness & Mutations

You cannot be hasted, slowed, berserked, paralysed or teleported.
You can dig through walls and to a lower floor.
You have a pair of large antennae on your head. (SInv)
Your four strong arms can wield two-handed weapons with a shield.


Message History

* * * LOW HITPOINT WARNING * * *
The wight closely misses you.
You miss the wight.
The wight is lightly damaged.
You hit the wight but do no damage. You closely miss the ogre.
The wight barely misses you.
The ogre hits you with a +0 giant club!!
* * * LOW HITPOINT WARNING * * *
You feel better.
You feel less invigorated.
The wight hits you from afar with a +0 spear.
* * * LOW HITPOINT WARNING * * *
You block the wight's attack. x2
You closely miss the wight. You slash the ogre!
The ogre looks as sick as possible!
You slash the wight! You hit the wight but do no damage.
You kill the ogre!
Qazlal accepts your kill.
The wight hits you but does no damage. x3; You block the wight's attack.
The wight hits you with a +0 mace.
* * * LOW HITPOINT WARNING * * *
You block the wight's attack. x2
The wight hits you from afar with a +2 spear.
* * * LOW HITPOINT WARNING * * *
The wight closely misses you.
The kobold brigand hits you with a +0 short sword.
* * * LOW HITPOINT WARNING * * *
Your life force feels restored.
You hit the wight.
The wight is moderately damaged.
You barely miss the wight. You hit the wight but do no damage.
You completely miss the kobold brigand.
The shadow imp lashes its tail.
The wight hits you from afar with a +0 spear.
* * * LOW HITPOINT WARNING * * *
You block the wight's attack. x2; The wight hits you but does no damage.
The wight hits you with a +0 long sword.
* * * LOW HITPOINT WARNING * * *
You feel drained.
The kobold brigand hits you with a +0 short sword.
You die...

.. ####$.#.. .
.........
#........##
.#.......#
........# #........
##z.....##
#zK5.....#
#@zz.....#
#########z<......#
#.........#..)..##
#........###...#..
#................#
#........####....#
#.......#...[..###
#...............##
....#..#..........#


You could see a kobold brigand, 5 wights and a shadow imp.

Vanquished Creatures
  Grinder (D:6)
  Prince Ribbit (D:5)
  Sigmund (D:6)
  Menkaure (D:6)
  2 sky beasts
  An ice beast (D:6)
  3 ogres
  2 phantoms
  3 scorpions
  2 howler monkeys
  2 jellies
  A hound (D:4)
  An orc priest (D:4)
  A sleepcap (D:4)
  4 iguanas
  Ijyb (D:2)
  3 orc wizards
  4 adders
  A shadow imp (D:4)
  A white imp (D:6)
  2 ufetubi (D:5)
  A worm (D:4)
  2 dart slugs
  25 orcs
  6 bats
  8 endoplasms
  4 giant cockroaches
  10 goblins
  5 hobgoblins
  2 jackals (D:5)
  9 kobolds
  3 quokkas
  8 ball pythons
  3 frilled lizards
  6 rats
130 creatures vanquished.

Notes
Turn   | Place    | Note
-------+----------+-------------------------------------------
     0 | D:1      | lonewolfV2 the Formicid Fighter began the quest for the
                  | Orb.
     0 | D:1      | Reached XP level 1. HP: 18/18 MP: 1/1
   118 | D:1      | Found Tienod's Jewellery Shop.
   121 | D:1      | Found Luzuv's Jewellery Boutique.
   207 | D:1      | Reached XP level 2. HP: 23/24 MP: 2/2
   249 | D:1      | Found Oquti's Book Shop.
   289 | D:1      | Found Peix's Book Emporium.
   814 | D:2      | Noticed Ijyb
   827 | D:2      | Reached XP level 3. HP: 30/30 MP: 3/3
   881 | D:2      | Killed Ijyb
   882 | D:2      | Reached XP level 4. HP: 28/37 MP: 4/4
  2014 | D:3      | Found a faded altar of an unknown god.
  2218 | D:3      | Found a radiant altar of Vehumet.
  2356 | D:3      | Reached XP level 5. HP: 43/43 MP: 5/5
  2715 | D:4      | Reached skill level 5 in Fighting
  2839 | D:4      | Reached skill level 5 in Armour
  2845 | D:4      | Found Zanih's Weapon Emporium.
  2971 | D:4      | Reached XP level 6. HP: 47/51 MP: 6/6
  3455 | D:5      | Entered Level 5 of the Dungeon
  3523 | D:5      | Found Butoudd's Bounteous Boutique.
  3535 | D:5      | Reached XP level 7. HP: 58/58 MP: 7/7
  3540 | D:5      | Bought a +0 battleaxe for 78 gold pieces
  3540 | D:5      | Bought a scroll of brand weapon for 114 gold pieces
  3611 | D:5      | Noticed Prince Ribbit
  3625 | D:5      | Reached skill level 3 in Axes
  3651 | D:5      | Reached skill level 5 in Shields
  3653 | D:5      | Reached skill level 4 in Axes
  3656 | D:5      | Killed Prince Ribbit
  3657 | D:5      | Reached XP level 8. HP: 15/64 MP: 8/8
  3665 | D:5      | Reached skill level 5 in Axes
  3852 | D:5      | Found a staircase to the Ecumenical Temple.
  3891 | Temple   | Entered the Ecumenical Temple
  3938 | Temple   | Became a worshipper of Qazlal Stormbringer
  4111 | D:6      | Reached skill level 6 in Axes
  4241 | D:6      | Reached skill level 7 in Axes
  4301 | D:6      | Reached XP level 9. HP: 69/69 MP: 9/9
  4430 | D:6      | Noticed Sigmund
  4432 | D:6      | Noticed Menkaure
  4438 | D:6      | Killed Sigmund
  4444 | D:6      | Killed Menkaure
  4445 | D:6      | Reached skill level 8 in Axes
  4607 | D:6      | Noticed Grinder
  4628 | D:6      | Killed Grinder
  4699 | D:6      | Reached skill level 9 in Axes
  5321 | D:7      | HP: 2/69 [wight/+0 long sword (5)]
  5321 | D:7      | Slain by a kobold brigand

Illustrated notes

Levels and vault maps discovered:
D:1:      erik_arrival_triangle_large, layout_loops_ring, serial_shops,
          nicolae_shop_window_shopping, shop, nicolae_book_shop_shelving,
          nicolae_shop_advertising_works [nicolae_subvault_shop_adworks]
D:2:      kennysheep_the_goblin_king, layout_loops_corners
D:3:      layout_loops_ring, mainiacjoe_overflow_catwalk,
          shapermc_ecumenical_altar_mp_ritualfount
D:4:      layout_loops_ring, serial_shops, shop, st_stairs_4,
          minmay_misc_feat_roman
D:5:      layout_rooms, minmay_temple_entry_waves, nicolae_alphabet_shops,
          minmay_bent, uniq_prince_ribbit1
D:6:      layout_basic, uniq_menkaure, uniq_grinder, uniq_sigmund
D:7:      layout_rooms, nicolae_overflow_crystal_walls, minmay_manual_monolith
Temple:   hellmonk_temple_of_storms

Skill      XL: |  1  2  3  4  5  6  7  8  9 |
---------------+----------------------------+-----
Fighting       | 4 5 6 |  6.0
Armour         | 4 5 6 |  6.0
Axes           | 4 7 9 |  9.4
Shields        | 5 6 |  6.3

Action                     |  1- 3 |  4- 6 |  7- 9 || total
---------------------------+-------+-------+-------++-------
  Melee: War axe           |    73 |   218 |       ||   291
         Battleaxe         |       |       |   143 ||   143
    Use: Scroll            |     2 |     8 |     8 ||    18
         Potion            |       |       |     9 ||     9
   Stab: Invisible         |       |       |     3 ||     3
 Armour: Scale mail        |    37 |    16 |       ||    53
         Chain mail        |       |   110 |   109 ||   219
  Dodge: Dodged            |    40 |    80 |    94 ||   214
  Block: Buckler           |    23 |    79 |    73 ||   175
